 Dungeon Crawl Stone Soup version 0.29.1-13-g9f3cf754e1 (webtiles) character file.

Game seed: 10150261672651908907

25 devnull the Grave Robber (level 2, -2/19 HPs)
             Began as a Demonspawn Necromancer on Jan 22, 2023.
             Frozen to death by an endoplasm (5 damage)
             ... on level 1 of the Dungeon.
             The game lasted 00:02:45 (884 turns).

devnull the Grave Robber (Demonspawn Necromancer)    Turns: 884, Time: 00:02:46

Health: -2/19      AC: 12    Str:  8    XL:     2   Next: 82%
Magic:  4/5        EV: 10    Int: 16    God:
Gold:   0          SH:  0    Dex: 13    Spells: 4/5 levels left

rFire   . . .      SeeInvis .   e - +0 whip (protect)
rCold   . . .      Faith    .   (no shield)
rNeg    . . .      Spirit   .   d - +0 ring mail
rPois   .          Reflect  .   (no helmet)
rElec   .          Harm     .   (no cloak)
rCorr   .          Rampage  .   (no gloves)
Will    .....                   (no boots)
Stlth   +.........              (no amulet)
HPRegen 0.06/turn               (no ring)
MPRegen 0.18/turn               (no ring)

@: under a protective aura
A: magic regeneration
a: no special abilities


You were on level 1 of the Dungeon.
You visited 1 branch of the dungeon, and saw 1 of its levels.

Inventory:

Hand Weapons
 e - a +0 whip of protection (weapon)
 h - a +0 short sword
Missiles
 c - 34 stones
Armour
 a - a +0 robe
 d - a +0 ring mail (worn)
Potions
 b - a potion of magic
 g - a potion of flight {unknown}
 i - a potion of lignification {unknown}


   Skills:
 - Level 1.7 Dodging
 - Level 1.7 Stealth
 - Level 2.0 Spellcasting
 + Level 5.4 Necromancy


You had 4 spell levels left.
You knew the following spells:

 Your Spells              Type           Power      Damage    Failure   Level
a - Necrotise             Necr           72%        1d7       7%          1

Your spell library contained the following spells:

 Spells                   Type           Power      Damage    Failure   Level
 Vampiric Draining        Necr           18%        2d7       21%         3
 Animate Dead             Necr           18%        N/A       56%         4
 Agony                    Necr           18%        N/A       88%         5


Dungeon Overview and Level Annotations

Branches:
Dungeon (1/15)

Altars:


Innate Abilities, Weirdness & Mutations

You regenerate magic rapidly.


Message History

The endoplasm barely resists.
The endoplasm hits you.
Unknown command.
Casting: Necrotise (safe; 7% risk of failure)
Confirm with . or Enter, or press ? or * to list all spells.
Aiming: Necrotise (safe; 7% risk of failure)
Press: ? - help, Shift-Dir - straight line, f/p - endoplasm
Aim: an endoplasm (chance to affect: 88%)
The endoplasm writhes in agony.
The endoplasm freezes you.
You are frozen.
Casting: Necrotise (safe; 7% risk of failure)
Confirm with . or Enter, or press ? or * to list all spells.
Aiming: Necrotise (safe; 7% risk of failure)
Press: ? - help, Shift-Dir - straight line, f/p - endoplasm
Aim: an endoplasm (lightly wounded, chance to affect: 88%)
The endoplasm barely resists.
The endoplasm freezes you.
You are frozen.
The kobold hits you with a +0 short sword.
A hobgoblin comes into view.
The endoplasm attacks as you move away! The endoplasm hits you.
* * * LOW HITPOINT WARNING * * *
The kobold throws a stone.
The stone hits you.
* * * LOW HITPOINT WARNING * * *
The hobgoblin shouts!
The kobold throws a stone.
The stone hits you.
* * * LOW HITPOINT WARNING * * *
As you read the scroll labelled PUCIDDOBUH, it crumbles to dust.
It is a scroll of brand weapon.
Your +0 whip projects an invisible shield of force!
e - a +0 whip of protection (weapon)
The endoplasm freezes you.
You are frozen.
* * * LOW HITPOINT WARNING * * *
You hit the endoplasm.
Your weapon exudes an aura of protection.
The endoplasm is almost dead.
The endoplasm freezes you.
You are frozen.
You die...

###### .....### #########
.≈≈≈...####.#.#.#.##
.≈[≈............@..#
.≈≈≈...# ##.#.#.#J########
.......###.............g.##
........>>#.#.#.#K#........
.####..###.....K.K.#####.##
.# #..# #.#.#r#S## ##
#..###.......>.## #
#...))#.#.#.#.#.# #
##..†##.#.#.#..K# .#


You could see an endoplasm, a quokka, a ball python and 3 kobolds.

Vanquished Creatures
  2 dart slugs (D:1)
  3 endoplasms (D:1)
  A giant cockroach (D:1)
  2 goblins (D:1)
  2 hobgoblins (D:1)
  2 quokkas (D:1)
  A frilled lizard (D:1)
  3 kobolds (D:1)
  3 rats (D:1)
19 creatures vanquished.

Vanquished Creatures (others)
  2 plants (D:1)
2 creatures vanquished.

Grand Total: 21 creatures vanquished

Notes
Turn   | Place    | Note
-------+----------+-------------------------------------------
     0 | D:1      | devnull the Demonspawn Necromancer began the quest for the
                  | Orb.
     0 | D:1      | Reached XP level 1. HP: 13/13 MP: 3/3
   240 | D:1      | Gained mutation: You regenerate magic rapidly. [demonic
                  | ancestry]
   240 | D:1      | Reached XP level 2. HP: 11/19 MP: 1/5
   431 | D:1      | Reached skill level 5 in Necromancy
   884 | D:1      | Frozen to death by an endoplasm

Illustrated notes

Levels and vault maps discovered:
D:1:      dpeg_arrival_rhombi, layout_loops_ring, minmay_door_square,
          serial_bayou_pond_d, st_stairs_9, dreamdust_princess_bridge,
          fountainhead, kennysheep_pointless_box,
          corexii_item_surrounded_by_moat, kennysheep_decorative_pillar

Skill      XL: |  1  2 |
---------------+-------+-----
Necromancy     | 5 |  5.4
Dodging        | |  1.7
Stealth        | |  1.7
Spellcasting   | |  2.0

Action                   || total
-------------------------++-------
Melee: Mace              ||    13
       Punch             ||     2
       Whip              ||    40
       Short sword       ||     7
 Cast: Necrotise         ||    22
  Use: Scroll            ||     1
 Stab: Distracted        ||     1
Armor: Ring mail         ||    31
Dodge: Dodged            ||    41
